 Dungeon Crawl Stone Soup version 0.19-a0-905-ge5e6a15 (webtiles) character file.

13758 Gagarin the Thaumaturge (level 11, -3/83 HPs)
             Began as a White Draconian Air Elementalist on July 4, 2016.
             Was a High Priest of Sif Muna.
             Slain by a six-headed hydra (6 damage)
             ... on level 1 of the Lair of Beasts on July 5, 2016.
             The game lasted 01:37:46 (15958 turns).

Gagarin the Thaumaturge (DrAE)                     Turns: 15958, Time: 01:37:47

Health: -3/83      AC: 12    Str: 11    XL:     11   Next: 79%
Magic:  14/23      EV: 16    Int: 18    God:    Sif Muna [*****.]
Gold:   514        SH:  0    Dex: 12    Spells: 7 memorised, 9 levels left

rFire  . . .     SeeInvis .     r - +0 shortbow
rCold  + + .     Gourm    .     (armour unavailable)
rNeg   . . .     Faith    .     (shield currently unavailable)
rPois  .         Spirit   .     (helmet restricted)
rElec  .         Dismiss  .     F - +0 cloak
rCorr  +         Reflect  .     G - +0 pair of gloves
SustAt .         Harm     .     q - +2 pair of boots
MR     .....                    o - amulet of magic regeneration
Stlth  ++........               m - ring of resist corrosion
                                B - ring of protection from cold

@: not resistant to hostile enchantments, unstealthy
A: breathe frost, unfitting armour, cold resistance 1, cold-blooded, AC +7
a: Breathe Frost, Divine Energy, Channel Magic, Forget Spell, Renounce Religion


You were on level 1 of the Lair of Beasts.
You worshipped Sif Muna.
Sif Muna was extremely pleased with you.
You were not hungry.

You visited 2 branches of the dungeon, and saw 10 of its levels.
You also visited: Ossuary.

You collected 514 gold pieces.

Inventory:

Hand Weapons
 r - a +0 shortbow (weapon)
Missiles
 C - 67 arrows (quivered)
Armour
 q - a +2 pair of boots (worn)
 F - a +0 cloak (worn)
 G - a +0 pair of gloves (worn)
Magical Staves
 A - an uncursed staff of poison
Jewellery
 g - a +3 ring of strength
 m - a ring of resist corrosion (right hand)
 o - an amulet of magic regeneration (around neck)
 z - a +4 amulet of reflection {unknown}
 B - a ring of protection from cold (left hand)
 K - an uncursed ring of fire
Wands
 N - a wand of random effects (24/48)
Scrolls
 c - a scroll of immolation {unknown}
 e - 4 scrolls of remove curse
 i - a scroll of enchant armour {unknown}
 j - 3 scrolls of identify
 p - 3 scrolls of amnesia {unknown}
 u - 3 scrolls of noise {unknown}
 x - 2 scrolls of fear {unknown}
 y - a scroll of teleportation
 D - 2 scrolls of enchant weapon {unknown}
 H - a scroll of magic mapping {unknown}
 L - a scroll of torment {unknown}
 M - 2 scrolls of recharging
Potions
 d - 2 potions of flight
 f - a potion of resistance {unknown}
 l - a potion of haste {unknown}
 n - a potion of cancellation {unknown}
 s - 4 potions of lignification
 t - a potion of heal wounds
 w - 4 potions of curing
 E - a potion of might {unknown}
 I - a potion of invisibility {unknown}
 J - 3 potions of agility
Books
 a - a book of Air

   Spells                             Type                      Level
   a - Shock                          Conjuration/Air              1
   b - Swiftness                      Charms/Air                   2
   c - Repel Missiles                 Charms/Air                   2
   d - Static Discharge               Conjuration/Air              3
   e - Lightning Bolt                 Conjuration/Air              5
 h - a book of Minor Magic

   Spells                             Type                      Level
   a - Magic Dart                     Conjuration                  1
   b - Blink                          Translocation                2
   c - Call Imp                       Summoning                    2
   d - Repel Missiles                 Charms/Air                   2
   e - Slow                           Hexes                        2
   f - Conjure Flame                  Conjuration/Fire             3
   g - Mephitic Cloud                 Conjuration/Poison/Air       3
Comestibles
 b - 8 bread rations
 k - 2 fruits
 v - 9 chunks of flesh


   Skills:
 + Level 3.8 Fighting
 + Level 0.4 Staves
 + Level 7.0 Bows
 + Level 0.8 Throwing
 + Level 7.4 Dodging
 + Level 3.9 Stealth
 + Level 1.6 Unarmed Combat
 + Level 8.8 Spellcasting
 + Level 7.3 Conjurations
 + Level 0.1 Charms
 + Level 2.2 Translocations
 + Level 8.5 Air Magic
 + Level 2.6 Poison Magic


You had 9 spell levels left.
You knew the following spells:

 Your Spells              Type           Power        Failure   Level  Hunger
a - Shock                 Conj/Air       ####         1%          1    None
b - Static Discharge      Conj/Air       #####...     1%          3    None
c - Repel Missiles        Chrm/Air       ###...       1%          2    None
d - Lightning Bolt        Conj/Air       #####.....   12%         5    #####..
e - Swiftness             Chrm/Air       ###.....     1%          2    None
f - Mephitic Cloud        Conj/Pois/Air  ####....     2%          3    None
g - Blink                 Tloc           N/A          8%          2    None


Dungeon Overview and Level Annotations

Branches:
Dungeon (8/15)             Temple (0/1) D:4            Lair (2/6) D:8
  Swamp: Lair:2-4    Shoals: Lair:2-4     Snake: Lair:2-4    Spider: Lair:2-4

Altars:
Ashenzari
Dithmenos
Fedhas
Gozag
Kikubaaqudgha
Makhleb
Ru
Sif Muna
Trog
Uskayaw
Vehumet
Xom

Annotations:
Lair:1 exclusion: 3 oklob plants


Innate Abilities, Weirdness & Mutations

You can breathe waves of freezing cold.
You can buffet flying creatures when you breathe cold.
Your icy white scales are hard. (AC +7)
Your body does not fit into most forms of armour.
Your flesh is cold resistant. (rC+)
You are cold-blooded and may be slowed by cold attacks.


Message History

The six-headed hydra bites you!
The six-headed hydra bites you but does no damage.
The six-headed hydra bites you!
* * * LOW HITPOINT WARNING * * *
The six-headed hydra bites you but does no damage.
The six-headed hydra bites you!
* * * LOW HITPOINT WARNING * * *
Casting: Blink
Confirm with . or Enter, or press ? or * to list all spells.
You blink.
The six-headed hydra bites you but does no damage.
The six-headed hydra bites you!
* * * LOW HITPOINT WARNING * * *
The six-headed hydra bites you but does no damage.
The six-headed hydra closely misses you.
The six-headed hydra bites you but does no damage.
The six-headed hydra closely misses you.
The six-headed hydra misses you. The six-headed hydra barely misses you.
The six-headed hydra bites you.
You die...

..........#.........≈≈≈≈≈#
##..#....##..........P≈P≈#
..#.#....##..........≈≈≈≈#
..#.#....##..........P♣≈##
#.#.......#.......##≈≈≈##
.........#.........##...##
##'......#........####..P#
...............D...###..##
#..#'....##...§.@.......P#
.........##..###........##
......#...)..# #...###..#
###..P#......# #..## #..#
# #..##...#..###..####..#
# #..##..##..##....##P..#
#..##...#..###..####..# #
#..##..#...# #..# #..#
###......##..###..####..##


You could see a six-headed hydra.

Vanquished Creatures
  Harold (Lair:1)
  A black mamba (Lair:2)
  An elephant (D:8)
  4 spiny frogs
  2 komodo dragons
  A troll (D:8)
  14 blink frogs
  14 yaks
  Grum (Lair:1)
  3 hippogriffs
  Menkaure (D:6)
  The ghost of mopl the Insei, an amateur HuTm (D:3)
  3 water moccasins
  Duvessa (D:7)
  2 porcupines
  A sky beast (D:5)
  3 ice beasts
  7 ogres
  A phantom (D:5)
  2 centaurs
  6 wolves (Lair:1)
  9 crocodiles
  10 giant frogs
  Dowan (D:7)
  A wyvern skeleton (D:6)
  2 scorpions (D:4)
  2 electric eels (Lair:2)
  A crimson imp (D:5)
  2 giant frog zombies (D:7)
  A hound (D:4)
  A human zombie (Ossuary)
  3 orc priests
  2 giant frog skeletons
  4 orc wizards
  Jessica (D:4)
  9 worker ants
  23 sheep
  3 mummies (Ossuary)
  A worker ant zombie (D:7)
  A howler monkey skeleton (D:5)
  7 gnolls
  5 adders
  25 river rats
  An ooze (D:6)
  An adder zombie (Ossuary)
  3 adder skeletons
  6 worms
  5 dart slugs
  3 giant geckos
  20 orcs
  4 bats
  A bat zombie (D:8)
  7 giant cockroaches
  6 hobgoblins
  7 jackals
  2 quokkas
  4 ball pythons
  A giant gecko skeleton (D:4)
  5 giant newts
  8 goblins
  2 goblin zombies (Ossuary)
  A hobgoblin zombie (Ossuary)
  10 kobolds
  8 kobold zombies (Ossuary)
  A quokka skeleton (D:6)
  4 quokka zombies (Ossuary)
  7 rats
  2 rat zombies
303 creatures vanquished.

Vanquished Creatures (others)
  7 fungi
  4 plants (Lair:1)
11 creatures vanquished.

Grand Total: 314 creatures vanquished

Notes
Turn   | Place    | Note
-------+----------+-------------------------------------------
     0 | D:1      | Gagarin the Draconian Air Elementalist began the quest for the Orb.
     0 | D:1      | Reached XP level 1. HP: 14/14 MP: 3/3
   427 | D:1      | Reached XP level 2. HP: 20/20 MP: 3/5
  1199 | D:2      | Reached XP level 3. HP: 26/26 MP: 0/6
  1355 | D:2      | Found a burning altar of Makhleb.
  1913 | D:2      | Learned a level 3 spell: Static Discharge
  2135 | D:3      | Reached XP level 4. HP: 20/33 MP: 0/8
  2555 | D:3      | Noticed mopl's ghost (amateur HuTm)
  2575 | D:3      | Killed mopl's ghost
  2575 | D:3      | Reached skill level 1 in Fighting
  2575 | D:3      | Reached skill level 1 in Unarmed Combat
  2575 | D:3      | Reached XP level 5. HP: 24/40 MP: 0/9
  2925 | D:3      | Reached XP level 6. HP: 29/47 MP: 1/10
  3105 | D:3      | Found a sacrificial altar of Ru.
  3115 | D:3      | Found a blossoming altar of Fedhas.
  3115 | D:3      | Found a shimmering altar of Xom.
  3115 | D:3      | Found a hide-covered altar of Uskayaw.
  3115 | D:3      | Found a deep blue altar of Sif Muna.
  3116 | D:3      | Found an opulent altar of Gozag.
  3150 | D:3      | Became a worshipper of Sif Muna the Loreminder
  3684 | D:4      | Found a shadowy altar of Dithmenos.
  4180 | D:4      | Your scales start taking on an icy white colour.
  4180 | D:4      | Reached XP level 7. HP: 33/55 MP: 0/12
  4180 | D:4      | Gained mutation: Your flesh is cold resistant. (rC+) [White Draconian growth]
  4519 | D:4      | Noticed Jessica
  4531 | D:4      | Killed Jessica
  4541 | D:4      | Found a deep blue altar of Sif Muna.
  4834 | D:4      | Found a staircase to the Ecumenical Temple.
  5138 | D:5      | Entered Level 5 of the Dungeon
  5398 | D:4      | Learned a level 2 spell: Repel Missiles
  5458 | D:5      | Reached * piety under Sif Muna
  5458 | D:5      | Reached XP level 8. HP: 44/62 MP: 6/14
  5532 | D:5      | Reached skill level 5 in Air Magic
  6685 | D:6      | Reached skill level 5 in Dodging
  6713 | D:6      | Reached skill level 5 in Spellcasting
  6798 | D:6      | Reached skill level 1 in Bows
  7007 | D:6      | Noticed Menkaure
  7014 | D:6      | Killed Menkaure
  7014 | D:6      | Reached ** piety under Sif Muna
  7715 | D:5      | Reached skill level 5 in Conjurations
  7878 | D:5      | Reached XP level 9. HP: 30/68 MP: 17/17
  8127 | D:5      | Learned a level 5 spell: Lightning Bolt
  8250 | D:7      | Found a shattered altar of Ashenzari.
  8367 | D:7      | Noticed Duvessa
  8368 | D:7      | Noticed Dowan
  8378 | D:7      | Killed Duvessa
  8392 | D:7      | Killed Dowan
  8551 | D:7      | Found a sand-covered staircase.
  8567 | Ossuary  | Entered an ossuary
  9905 | D:8      | Found a bloodstained altar of Trog.
  9988 | D:8      | Found an ancient bone altar of Kikubaaqudgha.
 10072 | D:8      | Noticed a troll
 10083 | D:8      | Killed a troll
 10083 | D:8      | Reached *** piety under Sif Muna
 10185 | D:8      | Found a radiant altar of Vehumet.
 10222 | D:8      | Noticed an elephant
 10245 | D:8      | Killed an elephant
 10307 | D:8      | Found a staircase to the Lair.
 10313 | D:8      | Reached XP level 10. HP: 41/77 MP: 14/19
 10477 | D:8      | Learned a level 2 spell: Swiftness
 10512 | Lair:1   | Entered Level 1 of the Lair of Beasts
 10951 | Lair:1   | Learned a level 3 spell: Mephitic Cloud
 11196 | Lair:1   | Upgraded the game from 0.19-a0-892-g8a19e52 to 0.19-a0-905-ge5e6a15
 11250 | Lair:1   | Noticed Grum
 11278 | Lair:1   | Killed Grum
 11492 | Lair:1   | Noticed a spiny frog
 11495 | Lair:1   | Noticed Harold
 11521 | Lair:1   | Killed a spiny frog
 11557 | Lair:1   | Noticed a spiny frog
 11762 | D:8      | Learned a level 2 spell: Blink
 11783 | D:8      | Killed a spiny frog
 11783 | D:8      | Reached skill level 1 in Translocations
 12035 | Lair:1   | Reached skill level 1 in Poison Magic
 12044 | Lair:1   | Reached **** piety under Sif Muna
 12580 | Lair:1   | Noticed a spiny frog
 12591 | Lair:1   | Killed a spiny frog
 12754 | Lair:1   | Noticed a spiny frog
 12762 | Lair:1   | Killed a spiny frog
 12762 | Lair:1   | Reached XP level 11. HP: 37/83 MP: 8/23
 13146 | Lair:1   | Killed Harold
 13146 | Lair:1   | Reached skill level 5 in Bows
 13521 | Lair:1   | Noticed an oklob plant
 13521 | Lair:1   | Noticed an oklob plant
 13521 | Lair:1   | Noticed an oklob plant
 14703 | Lair:2   | Noticed a six-headed hydra
 15794 | Lair:2   | Reached ***** piety under Sif Muna
 15958 | Lair:1   | HP: 3/83 [six-headed hydra (7)]
 15958 | Lair:1   | Slain by a six-headed hydra

Vault maps used:
D:1:      matt_arrival_grand_opening
D:2:      nicolae_overflow_crystal_walls, first_bread
D:3:      grunt_temple_overflow_open, minmay_bisected
D:4:      nicolae_dithmenos_the_darkroom, tgw_sif
D:6:      grunt_ministairs_11, uniq_menkaure
D:7:      cheibrodos_ashenzari_chains, nicolae_ossuary_entry_false_entrances,
          grunt_ogre_cave, uniq_duvessa
D:8:      old_standard_altar, lemuel_zombie_altar_kikubaaqudgha,
          david_lair_generic, basic_altar
Lair:1:   dpeg_oklob_gauntlet, minivault_11, serial_bayou_shore_b,
          wad_woods_river_01, uniq_harold, uniq_grum
Lair:2:   minmay_shoals_entry_hut, beast_lair_carwin_2
Ossuary:  ossuary_minmay_chase

Skill      XL: |  1  2  3  4  5  6  7  8  9 10 11 |
---------------+----------------------------------+-----
Dodging        | 2 3 4 5 6 7 |  7.4
Fighting       | 1 2 3 |  3.8
Stealth        | 2 3 |  3.9
Unarmed Combat | 1 |  1.6
Conjurations   | 2 3 5 6 7 |  7.3
Spellcasting   | 3 4 5 6 8 |  8.8
Air Magic      | 4 5 6 7 8 |  8.5
Bows           | 2 4 7 |  7.0
Translocations | 2 |  2.2
Poison Magic   | 1 2 |  2.6
Staves         | |  0.4
Throwing       | |  0.8
Charms         | |  0.1

Action                   |  1- 3 |  4- 6 |  7- 9 | 10-12 || total
-------------------------+-------+-------+-------+-------++-------
Melee: Unarmed           |   158 |    83 |    56 |       ||   297
       Tailslap          |    15 |    10 |     4 |     6 ||    35
       Shortbow          |       |       |     2 |       ||     2
       Staff             |       |       |       |    25 ||    25
       Punch             |       |       |       |     2 ||     2
 Fire: Blowgun           |       |     4 |     1 |       ||     5
       Shortbow          |       |       |   120 |   326 ||   446
 Cast: Shock             |    90 |    85 |   326 |   235 ||   736
       Static Discharge  |       |     4 |     6 |    26 ||    36
       Repel Missiles    |       |       |     2 |       ||     2
       Mephitic Cloud    |       |       |       |    93 ||    93
       Blink             |       |       |       |    14 ||    14
       Lightning Bolt    |       |       |       |     1 ||     1
       Swiftness         |       |       |       |     1 ||     1
 Abil: Breathe Frost     |       |       |     9 |     2 ||    11
Evoke: Wand              |       |       |       |     1 ||     1
  Use: Potion            |       |     2 |     2 |     3 ||     7
       Scroll            |       |       |     7 |     7 ||    14
 Stab: Sleeping          |     1 |     1 |     2 |       ||     4
       Confused          |       |       |       |     1 ||     1
  Eat: Chunk             |     5 |     7 |    17 |    11 ||    40
       Pizza             |       |       |     2 |       ||     2
       Bread ration      |       |       |       |     1 ||     1
       Meat ration       |       |       |       |     1 ||     1
Armor: Skin              |    66 |    31 |   125 |    80 ||   302
Dodge: Dodged            |    99 |    69 |   211 |   218 ||   597
       Deflected         |       |       |     1 |     2 ||     3
